 Dungeon Crawl Stone Soup version 0.15-a0-328-g75e1cfe (webtiles) character file.

191 Chris7 the Magician (level 3, -1/21 HPs)
             Began as an Octopode Wizard on Apr 28, 2014.
             Slain by Crazy Yiuf
             ... wielding a +3,+2 quarterstaff of chaos
              (3 damage)
             ... on Level 2 of the Dungeon.
             The game lasted 00:05:31 (2118 turns).

Chris7 the Magician (Octopode Wizard)               Turns: 2118, Time: 00:05:31

HP  -1/21        AC  1     Str  6      XL: 3   Next: 95%
MP   0/8         EV 12     Int 21      God:
Gold 135         SH  0     Dex 10      Spells:  4 memorised,  0 levels left

rFire  . . .     SeeInvis .     h - -2,-1 short sword (curse)
rCold  . . .     Clarity  .     (no shield)
rNeg   . . .     Conserve .     b - +0 hat
rPois  .         rCorr    .     f - cursed amulet of resist mutation
rElec  .         rRot     .     (no ring)
SustAb . .       Spirit   .     (no ring)
rMut   +         Warding  .     (no ring)
Saprov . . .     Stasis   .     (no ring)
MR     .....                    (no ring)
                                (no ring)
                                (no ring)
                                (no ring)

@: not resistant to hostile enchantments, quite stealthy
A: almost no armour, amphibious, 8 rings, constrict 8, camouflage 1, gelatinous
body 1
a: no special abilities


You were on level 2 of the Dungeon.
You were not hungry.

You visited 1 branch of the dungeon, and saw 2 of its levels.

You collected 135 gold pieces.

Inventory:

Hand weapons
 e - a +1,+0 dagger
 h - a cursed -2,-1 short sword (weapon)
 m - a +0,+0 short sword
 p - a cursed -2,+0 dagger
Armour
 b - a +0 hat (worn)
Comestibles
 a - 2 meat rations
 d - a bread ration
Scrolls
 q - a scroll of blinking
Jewellery
 f - a cursed amulet of resist mutation (around mantle)
Potions
 j - a potion of might {unknown}
 l - a potion of mutation {unknown}
 r - a potion of curing
 s - 3 potions of agility {unknown}
Books
 c - a book of Minor Magic

   Spells                             Type                      Level
   *Magic Dart                        Conjuration                  1
   Blink                              Translocation                2
   *Call Imp                          Summoning                    2
   Repel Missiles                     Charms/Air                   2
   Slow                               Hexes                        2
   *Conjure Flame                     Conjuration/Fire             3
   *Mephitic Cloud                    Conjuration/Poison/Air       3


   Skills:
 - Level 0.2 Fighting
 - Level 2.2 Dodging
 - Level 3.2 Stealth
 - Level 3.5 Spellcasting
 + Level 2.2 Conjurations
 - Level 1.0 Summonings
   Level 1.0 Translocations


You couldn't memorise any spells.
You knew the following spells:

 Your Spells              Type           Power        Failure   Level  Hunger
a - Magic Dart            Conj           ##..         6%          1    None
b - Call Imp              Summ           #.......     14%         2    #......
c - Conjure Flame         Conj/Fire      #.......     24%         3    ###....
d - Mephitic Cloud        Conj/Pois/Air  #.......     30%         3    ###....


Dungeon Overview and Level Annotations

Branches:
Dungeon (2/15)

Altars:
Cheibriados
Gozag
Makhleb
Trog
Vehumet
Xom

Annotations:
D:2 Crazy Yiuf


Innate Abilities, Weirdness & Mutations

You cannot wear most types of armour.
You are amphibious.
You can wear up to eight rings at the same time.
You can use your tentacles to constrict many enemies at once.
Your skin changes colour to match your surroundings (Stlth).
Your rubbery body absorbs attacks (AC +1).


Message History

Confirm with . or Enter, or press ? or * to list all spells.
Aiming: Magic Dart
Press: ? - help, Shift-Dir - straight line, f - Crazy Yiuf
Aim: Crazy Yiuf, wielding a quarterstaff of chaos and wearing a cloak (moderately wounded)
The magic dart hits Crazy Yiuf.
Crazy Yiuf is moderately wounded.
Casting: Magic Dart
Confirm with . or Enter, or press ? or * to list all spells.
You don't have enough magic to cast that spell.
Unknown command.
Crazy Yiuf hits you with a quarterstaff of chaos!
You feel your power leaking away.
Unknown command.
You hit Crazy Yiuf but do no damage. You grab Crazy Yiuf.
Crazy Yiuf is moderately wounded.
You constrict Crazy Yiuf, but do no damage.
Crazy Yiuf hits you with a quarterstaff of chaos!
* * * LOW HITPOINT WARNING * * *
Crazy Yiuf freezes you.
You die...

#'# #.##)...
♣♣.♣ #.##..#.
####### ♣g♣♣
#.##..#.
#.....# ♣♣§♣
#.....#.
#%##### ♣.♣♣
#####.#. #.#
♣♣.♣♣ #####.#.
#######.#
♣..P♣♣
####.......
.)......#
♣P.P.♣
#........#.
#######.#
#.g..#
#....#####.
#.#######+@.+#
###### ##
#.........).)#
#########...##
#####


You could see Crazy Yiuf.

Vanquished Creatures
  A gnoll (D:1)
  3 giant geckos
  An ooze (D:1)
  8 goblins
  4 hobgoblins
  3 jackals (D:2)
  A ball python (D:2)
  2 bats (D:2)
  5 giant cockroaches
  7 giant newts
  3 kobolds (D:1)
  3 rats
41 creatures vanquished.

Notes
Turn   | Place    | Note
--------------------------------------------------------------
     0 | D:1      | Chris7, the Octopode Wizard, began the quest for the Orb.
     0 | D:1      | Reached XP level 1. HP: 11/11 MP: 4/4
   230 | D:1      | Reached XP level 2. HP: 17/17 MP: 6/6
   338 | D:1      | Found a snail-covered altar of Cheibriados.
   603 | D:1      | Reached XP level 3. HP: 8/21 MP: 5/8
   615 | D:1      | HP: 1/21 [giant cockroach (1)]
   849 | D:1      | Learned a level 2 spell: Call Imp
   853 | D:1      | Learned a level 3 spell: Conjure Flame
   857 | D:1      | Learned a level 3 spell: Mephitic Cloud
  1946 | D:2      | Found a shimmering altar of Xom.
  1948 | D:2      | Found a burning altar of Makhleb.
  1949 | D:2      | Found an opulent altar of Gozag.
  1984 | D:2      | Found a radiant altar of Vehumet.
  1984 | D:2      | Found a bloodstained altar of Trog.
  2099 | D:2      | Noticed Crazy Yiuf
  2118 | D:2      | Slain by Crazy Yiuf

Action                   || total
-------------------------++-------
Melee: Dagger            ||     5
       Short sword       ||    79
Throw: Dart              ||     3
 Cast: Magic Dart        ||    40
       Conjure Flame     ||     2
  Use: Scroll            ||     6
 Stab: Sleeping          ||    12
